 Dungeon Crawl Stone Soup version 0.29.0-11-gd7f09526c8 (webtiles) character file.

Game seed: 11850929505987005698

63 sanka the Vexing (level 3, 0/29 HPs)
             Began as a Demigod Arcane Marksman on Sept 5, 2022.
             Slain by a goblin
             ... wielding a +0 club
             ... led by Robin
              (1 damage)
             ... on level 2 of the Dungeon.
             The game lasted 00:01:50 (1753 turns).

sanka the Vexing (Demigod Arcane Marksman)          Turns: 1753, Time: 00:01:51

Health: 0/29       AC:  2    Str: 11    XL:     3   Next: 63%
Magic:  6/6        EV: 12    Int: 19    God:
Gold:   78         SH:  0    Dex: 14    Spells: 3/4 levels left

rFire   . . .      SeeInvis .   a - +1 sling
rCold   . . .      Faith    .   (no shield)
rNeg    . . .      Spirit   .   c - +0 robe
rPois   .          Reflect  .   (no helmet)
rElec   .          Harm     .   (no cloak)
rCorr   .          Rampage  .   (no gloves)
Will    .....                   (no boots)
Stlth   +.........              (no amulet)
HPRegen 0.09/turn               (no ring)
MPRegen 0.10/turn               (no ring)

@: no status effects
A: high MP 1, forlorn, divine attributes
a: no special abilities


You were on level 2 of the Dungeon.
You visited 1 branch of the dungeon, and saw 2 of its levels.

You collected 78 gold pieces.


Innate Abilities, Weirdness & Mutations

You have an increased reservoir of magic. (+10% MP)
You shall have no god before yourself.
Your divine heritage dramatically boosts your attributes as you level up.


   Skills:
 + Level 2.2 Fighting
 - Level 2.0 Ranged Weapons
 + Level 2.7 Dodging
 - Level 1.0 Spellcasting
 - Level 3.0 Hexes


You had 3 spell levels left.
You knew the following spells:

 Your Spells              Type           Power      Damage    Failure   Level
z - Slow                  Hex            48%        N/A       5%          1

Your spell library contained the following spells:

 Spells                   Type           Power      Damage    Failure   Level
 Apportation              Tloc           0%         N/A       19%         1
 Inner Flame              Hex/Fire       6%         N/A       30%         3
 Portal Projectile        Hex/Tloc       12%        N/A       30%         3
 Cause Fear               Hex            6%         N/A       47%         4
 Alistair's Intoxication  Tmut/Pois      0%         N/A       99%         5

Inventory:

Hand Weapons
 a - a +1 sling (weapon)
Missiles
 i - 5 curare-tipped darts {=f}
Armour
 c - a +0 robe (worn)
Scrolls
 d - a scroll of fear {unknown}
 e - 3 scrolls of teleportation {unknown}
 j - a scroll of magic mapping {unknown}
 k - a scroll of silence {unknown}
Potions
 f - a potion of degeneration {unknown}
 g - a potion of curing {unknown}
 h - a potion of resistance {unknown}
 l - a potion of flight {unknown}

Dungeon Overview and Level Annotations

Branches:
Dungeon (2/15)

Annotations:
D:2 Robin

▒.▒▒.▒.▒▒.▒▒▒.▒▒▒▒.▒ ..▒.
▒.▒▒.▒.▒▒.▒▒▒.▒▒▒▒.▒
▒▒.▒.▒▒.▒▒........÷......▒
▒.......▒▒.▒.▒.▒▒.▒▒▒.▒▒.▒
▒..▒.......▒.............▒
▒.....▒.▒▒.▒.▒.▒)▒▒.▒.▒▒..▒
▒.......▒▒...▒........▒▒..▒
▒.......▒▒.▒......▒.▒.......
▒..........▒.▒.p....▒.▒▒.▒▒▒.
▒.......▒▒......g.▒...▒▒.▒
...▒▒▒▒.▒▒.▒.▒▒.▒.▒.▒.▒
..▒▒▒▒▒▒.............▒...
.........▒▒.▒▒▒)▒▒.▒.▒ ▒▒.
.......................
.........▒▒▒▒†▒▒▒.▒▒.▒.▒
.........▒▒▒▒.▒▒▒.▒▒.▒.▒
............g.........


You could see a goblin.


Message History

* * * LOW HITPOINT WARNING * * *
You shoot a sling bullet.
The sling bullet closely misses the goblin.
The goblin hits you with a +0 dagger.
* * * LOW HITPOINT WARNING * * *
The goblin hits you with a +0 dagger.
* * * LOW HITPOINT WARNING * * *
You shoot a sling bullet. The sling bullet hits the goblin.
The goblin is severely wounded.
The goblin closely misses you.
You shoot a sling bullet.
The sling bullet closely misses the goblin.
You shoot a sling bullet.
The sling bullet barely misses the goblin.
The goblin hits you with a +0 dagger.
* * * LOW HITPOINT WARNING * * *
You shoot a sling bullet. The sling bullet hits the goblin.
You kill the goblin!
Unknown command.
Robin throws the goblin at you! The goblin barely misses you.
The goblin hits you with a +0 club.
* * * LOW HITPOINT WARNING * * *
You see here a +0 ring mail.
You shoot a sling bullet.
The sling bullet closely misses the goblin.
The goblin hits you with a +0 club.
You die...

Action                   || total
-------------------------++-------
 Fire: Sling             ||   148
  Use: Scroll            ||     1
Armor: Robe              ||    15
Dodge: Dodged            ||    39

Levels and vault maps discovered:
D:1:      dpeg_arrival_simpleton_b, layout_basic, ebering_ecumenical_altar_webs
D:2:      layout_basic, basic_altar, minmay_diced_spiral, uniq_robin

Notes
Turn   | Place    | Note
-------+----------+-------------------------------------------
     0 | D:1      | sanka the Demigod Arcane Marksman began the quest for the
                  | Orb.
     0 | D:1      | Reached XP level 1. HP: 15/15 MP: 4/4
    41 | D:1      | Reached skill level 2 in Ranged Weapons
   123 | D:1      | Reached skill level 3 in Hexes
   179 | D:1      | Reached skill level 1 in Fighting
   186 | D:1      | Reached XP level 2. HP: 23/23 MP: 5/5
   194 | D:1      | Reached skill level 2 in Dodging
  1148 | D:2      | Reached XP level 3. HP: 5/29 MP: 6/6
  1514 | D:2      | Reached skill level 2 in Fighting
  1726 | D:2      | Noticed Robin
  1748 | D:2      | HP: 1/29 [goblin/+0 dagger[Robin] (3)]
  1753 | D:2      | Slain by a goblin

Vanquished Creatures
  An adder (D:2)
  2 worms (D:2)
  A dart slug (D:2)
  3 bats (D:1)
  4 endoplasms (D:1)
  8 goblins
  6 hobgoblins
  4 jackals (D:1)
  A kobold (D:2)
  2 quokkas (D:2)
  4 ball pythons (D:1)
  2 frilled lizards
  3 rats
41 creatures vanquished.
